 Dungeon Sprint DCSS version 0.25.1-2-g60ff931df9 (webtiles) character file.

Game seed: 5417325418386598776

4 Doot the Firebug (level 1, -10/10 HPs)
             Began as a Tengu Fire Elementalist on Sept 25, 2020.
             Was a Follower of Sif Muna.
             Mangled by a gnoll
             ... wielding a +0 halberd
              (15 damage)
             ... in the Dungeon (Sprint VII: "The Pits").
             The game lasted 00:00:39 (318 turns).

Doot the Firebug (Tengu Fire Elementalist)           Turns: 318, Time: 00:00:39

Health: -10/10     AC:  2    Str:  8    XL:     1   Next: 70%
Magic:  4/4        EV: 13    Int: 15    God:    Sif Muna [*.....]
Gold:   0          SH:  0    Dex: 14    Spells: 3/4 levels left

rFire    . . .     SeeInvis .   b - +2 falchion (holy)
rCold    . . .     Gourm    .   (no shield)
rNeg     . . .     Faith    .   a - +0 robe
rPois    .         Spirit   .   (helmet restricted)
rElec    .         Reflect  .   (no cloak)
rCorr    .         Harm     .   (no gloves)
MR       .....     NoTele   +   (boots unavailable)
Stlth    ++........             (no amulet)
HPRegen  0.03/turn              (no ring)
MPRegen  0.09/turn              (no ring)

@: no status effects
A: beak, talons 3
a: Channel Magic, Renounce Religion


You were in the Dungeon.
You worshipped Sif Muna.
Sif Muna was aware of your devotion.
You were not hungry.

You visited 1 branch

Inventory:

Hand Weapons
 b - a +2 falchion of holy wrath (weapon)
Armour
 a - a +0 robe (worn)
Magical Staves
 n - an uncursed staff of energy
Scrolls
 i - a scroll of blinking
 k - 3 scrolls of remove curse
 l - 5 scrolls of amnesia
 m - a scroll of summoning
Potions
 d - a potion of curing
 e - a potion of heal wounds
 f - a potion of haste
 g - 4 potions of magic
 h - 3 potions of berserk rage
 j - 2 potions of invisibility
Comestibles
 c - 9 rations
 o - 2 chunks of flesh


   Skills:
 + Level 2.3 Dodging
 + Level 2.2 Stealth
 + Level 2.2 Spellcasting
 + Level 1.4 Conjurations
 + Level 4.5 Fire Magic


You had 3 spell levels left.
You knew the following spells:

 Your Spells              Type           Power        Failure   Level  Hunger
a - Foxfire               Conj/Fire      ##..         6%          1    #......

Your spell library contained the following spells:

 Spells                   Type           Power        Failure   Level  Hunger
 Conjure Flame            Conj/Fire      ##......     19%         3    ###....
 Inner Flame              Hex/Fire       #.......     26%         3    ###....
 Sticky Flame             Conj/Fire      ##......     54%         4    #####..
 Fireball                 Conj/Fire      ##........   87%         5    ######.


Dungeon Overview and Level Annotations

Branches:
Dungeon (1/1)

Altars:
Ashenzari
Cheibriados
Dithmenos
Elyvilon
Fedhas
Gozag
Hepliaklqana
Kikubaaqudgha
Makhleb
Nemelex Xobeh
Okawaru
Qazlal
Ru
Sif Muna
Trog
Uskayaw
Vehumet
Wu Jian
Xom
Yredelemnul
Zin
The Shining One
Beogh
Jiyva
Lugonu


Innate Abilities, Weirdness & Mutations

You have a beak for a mouth.
You have claws for feet.


Message History

There's nothing to close nearby.
There's nothing to close nearby.
There's nothing to close nearby.
There's nothing to close nearby.
There's nothing to close nearby.
There's nothing to close nearby.
There's nothing to close nearby.
There's nothing to close nearby.
There's nothing to close nearby.
There's nothing to close nearby.
There's nothing to close nearby.
There's nothing to close nearby.
There's nothing to close nearby.
There's nothing to close nearby.
There's nothing to close nearby.
A gnoll opens the door.
You close the door.
A gnoll opens the door.
The gnoll hits you from afar with a +0 halberd!
Ouch! That really hurt!
You die...

########### _________.#
_________.#
_______...###########++# #
##########'##..............
#.?(.')))'.##......#..#....
##########.##..............
#.........lg'@.............
+#####'#####......#..#....
#..# #............ .
#..'..# ####'#####++##
#..#### #.......# #..
#.......# #. #.......# ##
#...<...# #.......#


You could see a gnoll and a leopard gecko.

Vanquished Creatures
  A leopard gecko (D)
  A quokka (D)
  A ball python (D)
  A kobold (D)
4 creatures vanquished.

Vanquished Creatures (others)
  10 foxfires (D)
10 creatures vanquished.

Grand Total: 14 creatures vanquished

Notes
Turn   | Place    | Note
-------+----------+-------------------------------------------
     0 | D        | Doot the Tengu Fire Elementalist began the quest for the
                  | Orb.
     0 | D        | Reached XP level 1. HP: 10/10 MP: 4/4
    18 | D        | Reached skill level 4 in Fire Magic
   140 | D        | Found a bloodstained altar of Trog.
   140 | D        | Found a shimmering blue altar of Sif Muna.
   140 | D        | Found a viscous altar of Jiyva.
   140 | D        | Found a hazy altar of Hepliaklqana.
   140 | D        | Found an opulent altar of Gozag.
   141 | D        | Found a glowing golden altar of the Shining One.
   141 | D        | Found a glowing silver altar of Zin.
   141 | D        | Found a basalt altar of Yredelemnul.
   141 | D        | Found a shimmering altar of Xom.
   141 | D        | Found an ornate altar of the Wu Jian Council.
   141 | D        | Found a sacrificial altar of Ru.
   141 | D        | Found a stormy altar of Qazlal.
   141 | D        | Found an iron altar of Okawaru.
   141 | D        | Found a sparkling altar of Nemelex Xobeh.
   141 | D        | Found a burning altar of Makhleb.
   141 | D        | Found a blossoming altar of Fedhas.
   141 | D        | Found a white marble altar of Elyvilon.
   141 | D        | Found a shadowy altar of Dithmenos.
   141 | D        | Found a snail-covered altar of Cheibriados.
   142 | D        | Found a radiant altar of Vehumet.
   142 | D        | Found a corrupted altar of Lugonu.
   142 | D        | Found a roughly hewn altar of Beogh.
   143 | D        | Found a hide-covered altar of Uskayaw.
   143 | D        | Found an ancient bone altar of Kikubaaqudgha.
   143 | D        | Found a shattered altar of Ashenzari.
   145 | D        | Became a worshipper of Sif Muna the Loreminder
   217 | D        | Reached * piety under Sif Muna
   318 | D        | Mangled by a gnoll

Illustrated notes

Levels and vault maps discovered:
D:        pitsprint [storerooms_1, entrance_room_1, metal_vault_1, armoury_3,
          mini_pit_1, grid_room_1, main_hall_1, silver_pit, the_coven_3,
          the_vestibule_1, steel_vault_4, golden_pit, hallway_of_sentries,
          crystal_vault_4, iron_vault_3, final_vault]

Skill      XL: |  1 |
---------------+----+-----
Fire Magic     | 4 |  4.5
Dodging        | |  2.3
Stealth        | |  2.2
Spellcasting   | |  2.2
Conjurations   | |  1.4

Action                   || total
-------------------------++-------
 Cast: Foxfire           ||     6
Dodge: Dodged            ||     7
